Map: Ruins of Seras

Players

Javert - Winner!

  • Race: Zerg Zerg
  • League: Grandmaster

CrazyMagic

  • Race: Zerg Zerg
  • League: Grandmaster

VOD

Have the link to the VOD?

Description

Time

  • Played on: Sept. 22, 2015, 12:48 a.m.
  • Length: 11:14
Show
View Real Time Build Order
Export as new Build Order

Javert Zerg - Winner!

Build Orders: Pool First 

Get SALT Encoding   

  12  0:01  Drone  
  13  0:13  Overlord  
  13  0:18  Drone  
  14  0:32  Drone x2  
  16  0:36  Drone  
  17  0:49  Spawning Pool  
  17  0:50  Drone  
  17  0:57  Drone  
  18  1:15  Hatchery  
  18  1:18  Drone  
  18  1:20  Drone, Extractor  
  18  1:30  Drone  
  19  1:41  Roach Warren  
  18  1:48  Queen  
  18  1:53  Drone x2  
  22  2:04  Overlord  
  22  2:24  Roach  
  22  2:25  Roach  
  22  2:27  Queen  
  22  2:28  Roach  
  30  2:36  Roach  
  32  2:45  Drone x2  
  34  2:55  Overlord  
  34  3:08  Baneling Nest  
  33  3:13  Drone x4  
  33  3:15  Drone x3  
  40  3:21  Overlord  
  40  3:28  Drone  
  41  3:39  Overlord  
  42  3:41  Drone x4  
  42  3:42  Drone x4  
  49  3:49  Evolution Chamber  
  49  3:53  Evolution Chamber  
  47  3:56  Drone x3  
  50  4:05  Lair  
  50  4:07  Drone x2, Extractor  
  51  4:15  Drone x3, Extractor  
  51  4:16  Drone x2  
  55  4:20  Zerg Missile Weapons Level 1  
  55  4:25  Overlord  
  55  4:26  Overlord  
  55  4:29  Overlord  
  55  4:38  Overlord x2  
  55  4:45  Roach  
  57  4:46  Roach x3  
  57  4:51  Queen  
  65  4:56  Overlord  
  65  5:02  Glial Reconstitution  
  65  5:10  Roach x6  
  77  5:30  Roach  
  77  5:31  Roach x6  
  91  5:43  Drone x4  
  91  5:44  Extractor  
  91  5:48  Hydralisk Den  
  93  5:54  Drone  
  94  6:02  Drone  
  94  6:03  Drone x3, Overlord x2  
  98  6:07  Hatchery  
  95  6:23  Hydralisk x4  
  89  6:27  Spore Crawler  
  89  6:28  Spore Crawler x2  
  89  6:31  Spore Crawler  
  89  6:32  Spore Crawler  
  66  6:43  Hydralisk  
  66  6:44  Hydralisk x3  
  66  6:59  Muscular Augments  
  66  7:39  Zerg Missile Weapons Level 2, Zerg Ground Armor Level 1  
  66  7:45  Drone x3  
  66  7:46  Drone x11  
  80  7:54  Roach x5  
  80  7:55  Roach x2  
  80  7:58  Overlord  
  94  8:17  Spore Crawler  
  94  8:18  Spore Crawler  
  94  8:19  Spine Crawler x2  
  90  8:31  Overlord x3  
  90  8:44  Overlord  
  90  8:56  Roach  
  90  8:57  Roach x7  
  106  9:07  Roach  
  106  9:08  Roach x3  
  114  9:21  Extractor  
  110  9:34  Hatchery  
  110  9:35  Overlord x2  
  109  9:47  Spine Crawler  
  109  9:49  Spine Crawler x2  
  106  10:06  Roach  
  106  10:07  Roach x14  
  120  10:14  Overlord  
  120  10:31  Hatchery  
  120  10:33  Roach x2  
  120  10:34  Roach x4  
  120  10:45  Overlord x4  
  120  10:53  Overlord  
  120  10:57  Extractor  
Show
View Real Time Build Order
Export as new Build Order

CrazyMagic Zerg 

Build Orders: Hatch First 

Get SALT Encoding   

  12  0:01  Drone  
  13  0:13  Overlord  
  13  0:18  Drone  
  14  0:31  Drone x2  
  16  0:37  Drone  
  17  0:53  Hatchery  
  16  1:01  Drone x2  
  18  1:14  Spawning Pool  
  18  1:17  Drone  
  18  1:19  Extractor  
  17  1:45  Drone x2  
  19  2:01  Queen  
  19  2:02  Zergling x2  
  19  2:05  Overlord  
  22  2:24  Queen  
  22  2:25  Drone x3  
  22  2:26  Drone  
  22  2:27  Metabolic Boost  
  28  2:37  Drone x2  
  29  2:40  Queen  
  32  2:49  Baneling Nest  
  31  2:52  Drone x4  
  35  3:05  Drone  
  36  3:06  Overlord  
  36  3:25  Lair  
  36  3:27  Drone  
  36  3:28  Drone x4  
  41  3:43  Drone  
  41  3:44  Drone x2  
  41  3:47  Overlord x2  
  44  4:01  Extractor  
  43  4:02  Overlord  
  43  4:03  Overlord, Drone, Extractor  
  43  4:04  Drone x2, Extractor  
  44  4:22  Drone x3  
  47  4:28  Spire  
  47  4:29  Drone x3  
  49  4:34  Drone x3  
  52  4:41  Overseer  
  52  4:48  Zergling x4  
  52  4:49  Zergling x8  
  58  5:07  Drone  
  58  5:08  Drone x2  
  58  5:10  Hatchery  
  58  5:11  Spine Crawler  
  58  5:12  Spine Crawler  
  58  5:25  Overlord x2  
  58  5:36  Overseer  
  58  5:46  Mutalisk x6  
  58  5:47  Mutalisk  
  58  5:49  Drone  
  73  5:50  Drone x2  
  74  5:58  Zergling x4  
  74  5:59  Spine Crawler, Zergling x6  
  74  6:00  Spine Crawler  
  77  6:05  Spine Crawler  
  76  6:15  Mutalisk  
  76  6:16  Mutalisk x2  
  75  6:29  Mutalisk  
  75  6:30  Mutalisk  
  76  6:32  Drone  
  76  6:33  Drone x8  
  81  6:57  Drone  
  81  6:58  Drone x6  
  88  7:06  Roach Warren  
  87  7:18  Overlord x2  
  87  7:19  Overlord, Queen  
  87  7:20  Extractor x2  
  87  7:41  Overlord  
  87  7:42  Overlord x2  
  85  7:46  Roach x3  
  85  7:47  Roach x9  
  85  7:50  Glial Reconstitution  
  109  8:03  Roach  
  109  8:04  Roach x4  
  121  8:13  Roach x6  
  131  8:23  Drone x6  
  131  8:24  Drone  
  136  8:47  Roach  
  138  8:49  Overlord x3  
  138  8:50  Overlord  
  138  9:05  Evolution Chamber  
  94  9:33  Roach x14  
  94  9:34  Roach  
  122  9:51  Roach  
  122  9:52  Roach x4  
  132  10:00  Roach  
  132  10:06  Roach x2  
  110  10:09  Roach x9  
  110  10:12  Roach x4  
Tags
 
Add a new tag
Caveats
  • Supply blocks, unpowered buildings, or Contaminate may cause inaccurate times.
  • Supply counts are checked every 10 seconds.